 Dungeon Crawl Stone Soup version 0.21-a0-91-ga5031da (webtiles) character file.

551827 Zuzmorgo the Slayer (level 25, -4/420 HPs)
             Began as a Minotaur Fighter on June 26, 2017.
             Was the Champion of Okawaru (penitent).
             Slain by a stone giant (12 damage)
             ... created by the fury of Okawaru
             ... on level 4 of the Vaults on June 28, 2017.
             The game lasted 03:38:46 (50991 turns).

Zuzmorgo the Slayer (Minotaur Fighter)             Turns: 50991, Time: 03:38:48

Health: -4/420     AC: 32    Str: 34    XL:     25   Next: 57%
Magic:  42/42      EV:  2    Int: 10    God:    Okawaru [*]
Gold:   3267       SH:  0    Dex: 11    Spells: 24/24 levels left

rFire    + + .     SeeInvis +   K - +6 demon whip (slash)
rCold    . . .     Gourm    .   k - +1 shield {reflect}
rNeg     + + +     Faith    .   (armour currently unavailable)
rPois    +         Spirit   .   (helmet currently unavailable)
rElec    .         Reflect  +   (cloak currently unavailable)
rCorr    +         Harm     .   (gloves currently unavailable)
MR       +....     Clarity  +   (boots currently unavailable) Stlth +.........NoTele +
                                g - amulet of regeneration
HPRegen  1.20/turn              X - ring "Asatsi Nuze" {rCorr rPois Str+2 SInv}
MPRegen  0.28/turn              c - ring of Noon {rF++ MP+9 Int+3}

@: confused, tree-form, very slightly contaminated, hasted, very quick
A: (retaliatory headbutt), clarity, clever 1, clumsy 1, robust 1, strong 1
}: 2/15 runes: serpentine, barnacled
a: Renounce Religion


You were on level 4 of the Vaults.
You worshipped Okawaru.
Okawaru was demanding penance.
You were completely stuffed.
You were a tree.
You visited 9 branches of the dungeon, and saw 45 of its levels.
You also visited: Ice Cave and Volcano.

You collected 6556 gold pieces.
You spent 3289 gold pieces at shops.

Inventory:

Hand Weapons
 t - the +1 mace "Tiwasow" {antimagic, rElec rN++ Dex+4}
   (You found it on level 5 of the Dungeon)

   It reduces the magical energy of the wielder, and disrupts the spells and
   magical abilities of those hit.
   Natural abilities and divine invocations are not affected.
   It affects your dexterity (+4).
   It insulates you from electricity.
   It greatly protects you from negative energy.
 A - a +3 mace of holy wrath
 K - a +6 demon whip of slashing (weapon)
Armour
 k - a +1 shield of reflection (worn)
 o - the +1 pair of boots "Konag" (melded) {Dex+7}
   (You found it on level 3 of the Elven Halls)

   It affects your dexterity (+7).
 C - a scarf of resistance (melded)
 F - the +7 faerie dragon scales (melded) {+Inv rElec MR+++ rCorr}
   (You took it off the Enchantress on level 3 of the Depths)

   It insulates you from electricity.
   It affects your resistance to hostile enchantments.
   It lets you turn invisible.
   It protects you from acid and corrosion.
 G - a +2 pair of gloves (melded)
Jewellery
 c - the ring of Noon (right branch) {rF++ MP+9 Int+3}
   (You found it on level 4 of the Shoals)

   [ring of magical power]

   It affects your intelligence (+3).
   It greatly protects you from fire.
   It affects your magic capacity (+9).
 g - an amulet of regeneration (around neck)
 s - an uncursed ring of protection from cold
 O - the ring of Activism {rElec EV+1}
   (You bought it in a shop on level 15 of the Dungeon)

   [ring of evasion]

   It affects your evasion (+1).
   It insulates you from electricity.
 X - the ring "Asatsi Nuze" (left branch) {rCorr rPois Str+2 SInv}
   (You found it on level 4 of the Shoals)

   [ring of resist corrosion]

   It affects your strength (+2).
   It protects you from poison.
   It lets you see invisible.
 Z - the ring "Ycke" {Wiz Str+10 Int+4 Slay+3}
   (You took it off a deep elf sorcerer on level 3 of the Elven Halls)

   [ring of wizardry]

   It improves your spell success rate.
   It affects your strength (+10).
   It affects your intelligence (+4).
   It affects your accuracy and damage with ranged weapons and melee attacks
   (+3).
Wands
 j - a wand of disintegration (15/24)
 v - a wand of clouds (7/9)
 y - a wand of iceblast (11/15)
 H - a wand of disintegration (10/24)
 R - a wand of digging (17/24)
Scrolls
 a - a scroll of fog
 d - a scroll of torment
 l - 3 scrolls of blinking
 n - 10 scrolls of magic mapping
 w - 3 scrolls of remove curse
 B - 23 scrolls of teleportation
 J - 2 scrolls of immolation
 M - 4 scrolls of recharging
 T - 2 scrolls of holy word
 U - 5 scrolls of identify
Potions
 b - a potion of agility
 e - 2 potions of magic
 i - 5 potions of curing
 m - 5 potions of cancellation
 p - 3 potions of berserk rage
 r - 11 potions of flight
 z - 6 potions of haste
 I - 3 potions of resistance
 L - 4 potions of lignification
Miscellaneous
 D - a lightning rod (4/4)
 N - a lamp of fire
Comestibles
 f - 19 bread rations
 h - 39 royal jellies
 u - 15 fruits
 P - 4 meat rations


   Skills:
 * Level 26.8 Fighting
 + Level 21.3 Maces & Flails
 - Level 20.0 Armour
 - Level 11.7 Dodging
 + Level 24.0 Shields
 - Level 10.4 Invocations
 + Level 15.6 Evocations


You had 24 spell levels left.
You didn't know any spells.

Dungeon Overview and Level Annotations

Branches:
Dungeon (15/15)            Temple (1/1) D:6            Lair (6/6) D:8
 Shoals (4/4) Lair:2        Snake (4/4) Lair:4        Slime (0/5) Lair:6
    Orc (2/2) D:11            Elf (3/3) Orc:2        Vaults (5/5) D:14
  Crypt (0/3) Vaults:2     Depths (5/5) D:15            Zot (0/5) Depths:5

Altars:
Ashenzari
Elyvilon
Gozag
Hepliaklqana
Kikubaaqudgha
Makhleb
Nemelex Xobeh
Okawaru
Qazlal
Ru
Sif Muna
Uskayaw
Vehumet
Xom
Yredelemnul
Zin
Jiyva

Shops:
D:5 [   D:12 =   D:13 *   D:15 =   Orc:1 *   Orc:2 =[=?   Elf:3 (   Snake:2 [
Snake:4 (   Vaults:3 }   Vaults:4 }   Depths:5 [:*

Portals:
Hell: Depths:1 Depths:2 Depths:3 Depths:4 Depths:5
Abyss: Depths:1 Depths:3 Depths:4
Pandemonium: Depths:1 Depths:2 Depths:3
Ziggurat: Depths:4

Annotations:
Lair:4 exclusion: 4 oklob plants


Innate Abilities, Weirdness & Mutations

((You reflexively headbutt those who attack you in melee.))
((You have a pair of horns on your head.))
((You have sharp fingernails.))
You possess an exceptional clarity of mind.
Your mind is acute. (Int +2)
You are clumsy. (Dex -2)
You are robust. (+10% HP)
Your muscles are strong. (Str +2)


Message History

The arrow disappears in a puff of smoke!
The frost giant gives up.
You cannot move. (Use ctrl+direction to attack without moving.)
The stone giant blubbers, "Mommeee!"
The iron dragon bites you but does no damage.
The iron dragon claws you but does no damage.
The iron dragon tramples you but does no damage.
The stone giant hits you but does no damage.
The deep elf master archer shoots an arrow.
The arrow hits you but does no damage.
The arrow disappears in a puff of smoke!
Your vault guard hits the fire giant with a great sword!
Your vault warden hits the stone giant with a broad axe.
The frost giant howls, "Help!"
The deep elf master archer shoots an arrow.
The arrow hits you!!
* * * LOW HITPOINT WARNING * * *
The arrow disappears in a puff of smoke!
The stone giant hits you!
You die...

.....# #..(..#..# #......# #>...#
#..#.....# #......# ##...#
#..#(###.# #......# ##..#
#..#.....# ######'####### ##...#
#.......C# #........... #....#
#.###.pp.# #........... .....#
#....ppWC# #........... .....#
#..#..pCe# #........... .....#
#..#.###♣# #........... ######
#..#....D# #...........
#....C...# #...........
###############'#######'####'###
#...............................
#..............C.p..............
##.................xC............
.#.................§.............
.'..................D............


You could see an iron dragon, a frost giant (fleeing), 2 fire giants, 2 stone
giants, a deep elf master archer, a friendly vault warden, 3 friendly vault
guards, a friendly vault sentinel and a friendly freezing wraith.

Vanquished Creatures
  Mara (Depths:1)
  2 juggernauts
  Sojobo (Depths:2)
  5 caustic shrikes (Depths:5)
  Margery (Vaults:4)
  Saint Roka (Orc:2)
  Xtahua (Depths:4)
  the Enchantress (Depths:3)
  A golden dragon (Depths:5)
  A tentacled monstrosity (Depths:5)
  Rupert (D:12)
  5 liches
  3 quicksilver dragons
  3 deep elf blademasters
  A deep elf master archer (Elf:3)
  2 titans
  Polyphemus (Shoals:3)
  A kraken (Shoals:2)
  4 sphinxes
  Kirke (Lair:6)
  Gastronok (D:10)
  3 shadow dragons
  2 thorn hunters (Depths:3)
  3 storm dragons (Depths:5)
  10 tengu reavers
  Donald (Shoals:1)
  16 nagarajas
  11 fire giants
  An iron dragon (Depths:2)
  Aizul (Snake:4)
  12 vault wardens
  2 orc warlords
  Ilsuiw (Shoals:4)
  9 deep elf sorcerers
  9 frost giants
  A balrug (Depths:3)
  7 ironheart preservers
  6 deep elf elementalists
  3 spriggan defenders
  20 very ugly things
  A draconian annihilator (Depths:5)
  A draconian stormcaller (Depths:5)
  28 stone giants
  An entropy weaver (Vaults:2)
  2 vampire knights (Vaults:2)
  4 deep elf demonologists
  10 deep elf annihilators
  Nessos (D:14)
  2 yellow draconians (Depths:5)
  A black draconian (Depths:5)
  5 spark wasps
  A red draconian (Depths:5)
  Snorg (Lair:4)
  7 deep elf death magi
  25 ettins
  A minotaur (Depths:1)
  5 merfolk javelineers
  23 yaktaur captains
  16 fire dragons
  5 deep elf high priests
  14 merfolk impalers
  7 great orbs of eyes
  A great orb of eyes (shapeshifter) (Depths:3)
  Erolcha (D:9)
  9 ice dragons
  A quicksilver dragon skeleton (Depths:4)
  16 hydras
  4 rakshasas
  3 catoblepae
  27 vault guards
  A hell beast (Depths:4)
  An alligator snapping turtle (Shoals:4)
  6 spriggan air magi
  3 merfolk aquamancers
  16 anacondas
  4 merfolk avatars
  20 naga warriors
  11 centaur warriors
  2 satyrs (Depths:3)
  55 two-headed ogres
  19 ogre magi
  17 deep troll shamans
  23 dancing weapons
  5 tengu warriors
  A two-headed ogre (shapeshifter) (Depths:4)
  10 death yaks
  9 shock serpents
  13 spriggan berserkers
  2 vampire magi
  15 naga sharpshooters
  Urug (D:14)
  12 deep troll earth magi
  A soul eater (Depths:3)
  6 spriggans
  Sonja (Lair:3)
  Nergalle (Orc:1)
  A storm dragon zombie (Depths:4)
  17 deep elf knights
  A fire crab (Volcano)
  A salamander mystic (Snake:4)
  An iron troll (shapeshifter) (Depths:2)
  A sun demon (Depths:4)
  4 iron trolls
  12 sea snakes
  2 shadow wraiths
  A fire crab (shapeshifter) (Vaults:4)
  6 hell knights
  4 unseen horrors
  30 deep trolls
  An unseen horror (shapeshifter) (D:15)
  An infernal demonspawn (Depths:3)
  A kraken simulacrum (Shoals:4)
  12 naga ritualists
  4 glowing orange brains
  4 wizards
  26 harpies
  A swamp dragon (Lair:6)
  A tengu zombie (Vaults:3)
  Pikel (D:8)
  2 lindwurms
  12 ironbrand convokers
  17 deep elf archers
  10 orc knights
  A frost giant zombie (Vaults:3)
  3 orc sorcerers
  10 mana vipers
  An orb spider (shapeshifter) (Depths:3)
  6 necromancers
  A tengu skeleton (Vaults:3)
  A stone giant zombie (Vaults:3)
  13 cyclopes
  2 human zombies (Vaults:3)
  12 salamanders
  61 deep elf magi
  A glowing shapeshifter (Depths:1)
  6 wolf spiders
  A cyclops (shapeshifter) (Depths:5)
  8 fauns
  17 manticores
  32 ugly things
  An elephant (shapeshifter) (Elf:1)
  18 vault sentinels
  14 naga magi
  29 black mambas
  A frost giant skeleton (Depths:1)
  5 spiny frogs
  6 guardian serpents
  A guardian serpent (shapeshifter) (Vaults:4)
  12 elephants
  6 water nymphs
  6 merfolk sirens
  A rust devil (Depths:4)
  2 black mambas (shapeshifter)
  2 elf zombies
  A komodo dragon (Lair:6)
  A gargoyle (D:13)
  8 rime drakes
  2 kobold demonologists
  14 freezing wraiths
  58 yaktaurs
  An ice devil (Depths:3)
  3 harpy zombies (Shoals:1)
  3 meliai (Lair:4)
  38 merfolk
  8 trolls
  5 tengu conjurers
  A jumping spider (Vaults:2)
  Grinder (D:3)
  A hornet (shapeshifter) (Vaults:3)
  A queen bee (Lair:4)
  A meliai zombie (D:12)
  18 blink frogs
  18 slime creatures
  12 snapping turtles
  3 polar bears
  8 wind drakes
  9 hornets
  A human simulacrum (Vaults:1)
  4 flying skulls (Depths:4)
  16 dream sheep
  9 hippogriffs
  An ice dragon skeleton (Depths:1)
  16 water elementals
  7 air elementals
  2 shadows
  19 yaks
  A wraith (Vaults:2)
  4 fire bats (Volcano)
  2 fire dragon skeletons (Depths:1)
  2 fire elementals (Elf:2)
  A hog (Lair:6)
  4 wyverns
  16 humans (D:14)
  4 steam dragons
  2 vampire mosquitoes (D:15)
  8 basilisks
  2 death yak simulacra (IceCv)
  2 hungry ghosts
  A chaos spawn (Depths:3)
  Menkaure (D:4)
  5 wargs
  A soldier ant (shapeshifter) (Vaults:1)
  77 nagas
  10 water moccasins
  3 soldier ants
  A floating eye (Depths:3)
  3 hell hounds (Depths:3)
  11 porcupines
  2 swamp drakes (Lair:6)
  52 orc warriors
  3 black bears
  8 necrophages
  4 sky beasts
  9 ice beasts
  34 ogres
  8 boggarts
  34 centaurs
  6 wolves
  An alligator simulacrum (IceCv)
  An eye of draining (D:15)
  4 elf simulacra
  19 crocodiles
  A big kobold (D:9)
  Blork the orc (D:4)
  A glowing shapeshifter simulacrum (Depths:4)
  A gnoll sergeant (D:13)
  2 hippogriff zombies (Shoals:1)
  4 earth elementals
  14 bullfrogs
  A wyvern skeleton (D:7)
  2 scorpions
  A swamp dragon simulacrum (IceCv)
  50 killer bees
  15 wights
  7 howler monkeys
  9 crimson imps
  A centaur zombie (D:8)
  2 bullfrog zombies
  4 jellies
  7 hounds
  19 orc priests
  4 bullfrog skeletons
  24 orc wizards
  Terence (D:3)
  Crazy Yiuf (D:5)
  11 iguanas
  Ijyb (D:4)
  10 worker ants
  4 troll simulacra (IceCv)
  3 killer bee zombies
  4 centaur simulacra (IceCv)
  2 worker ant zombies
  9 gnolls
  A howler monkey skeleton (D:11)
  22 adders
  A naga simulacrum (IceCv)
  5 shadow imps
  12 white imps (IceCv)
  An ufetubus (Depths:1)
  An ooze (D:3)
  An adder zombie (D:8)
  4 adder skeletons
  5 worms
  A dart slug (D:1)
  19 leopard geckos
  93 orcs
  2 ball pythons
  7 bats
  5 giant cockroaches
  6 goblins
  10 hobgoblins
  7 jackals
  7 quokkas
  12 frilled lizards
  10 kobolds
  A leopard gecko skeleton (D:4)
  2 quokka skeletons
  A rat (D:1)
  A briar patch (Depths:3)
  A bush (D:15)
  A crawling corpse (Vaults:5)
  4 tentacles (Shoals:2)
2183 creatures vanquished.

Vanquished Creatures (collateral kills)
  2 naga warriors (Snake:4)
  A naga sharpshooter (Snake:1)
  A salamander (Snake:1)
  A guardian serpent (Snake:4)
  A naga mage (Snake:4)
  A hog (Lair:6)
7 creatures vanquished.

Vanquished Creatures (others)
  A juggernaut (Depths:2)
  A deep elf master archer (Elf:3)
  A very ugly thing (Depths:2)
  A stone giant (Depths:2)
  A deep elf annihilator (Elf:3)
  A merfolk javelineer (Shoals:4)
  A great orb of eyes (Depths:2)
  A centaur warrior (D:15)
  2 satyrs (Shoals:4)
  A deep elf mage (Elf:3)
  6 yaktaurs
  A human (Lair:6)
  2 ogres (Depths:4)
  3 centaurs
  A killer bee (Lair:4)
  A jelly (D:8)
  A hound (D:7)
  2 briar patches (Depths:3)
  6 bushes (D:15)
  A crawling corpse (Vaults:4)
  8 fungi
  12 pillars of salt (Vaults:3)
  3 plants
  14 tentacles
72 creatures vanquished.

Grand Total: 2262 creatures vanquished

Notes
Turn   | Place    | Note
-------+----------+-------------------------------------------
     0 | D:1      | Zuzmorgo the Minotaur Fighter began the quest for the Orb.
     0 | D:1      | Reached XP level 1. HP: 19/19 MP: 0/0
    66 | D:1      | Reached XP level 2. HP: 24/27 MP: 1/1
   398 | D:2      | Reached skill level 4 in Fighting
   415 | D:2      | Reached XP level 3. HP: 29/33 MP: 2/2
  1049 | D:2      | Reached XP level 4. HP: 41/41 MP: 3/3
  1307 | D:2      | Reached skill level 5 in Maces & Flails
  1373 | D:3      | Noticed a centaur
  1392 | D:3      | Killed a centaur
  1392 | D:3      | Reached skill level 5 in Fighting
  1392 | D:3      | Reached XP level 5. HP: 28/48 MP: 4/4
  1649 | D:3      | Found a shattered altar of Ashenzari.
  1672 | D:3      | Noticed Terence
  1684 | D:3      | Killed Terence
  1705 | D:3      | Noticed Grinder
  1714 | D:3      | Killed Grinder
  1714 | D:3      | Reached XP level 6. HP: 52/57 MP: 5/5
  1747 | D:3      | Noticed a dagger
  1747 | D:3      | Noticed a dagger
  1749 | D:3      | Found a hide-covered altar of Uskayaw.
  1755 | D:3      | Reached XP level 7. HP: 62/62 MP: 6/6
  1791 | D:3      | Reached skill level 6 in Fighting
  2221 | D:4      | Noticed Blork the orc
  2234 | D:4      | Killed Blork the orc
  2340 | D:4      | Reached skill level 5 in Armour
  2407 | D:4      | Got a shimmering glaive
  2440 | D:4      | Noticed Menkaure
  2444 | D:4      | Killed Menkaure
  2663 | D:4      | Noticed Ijyb
  2675 | D:4      | Killed Ijyb
  2799 | D:5      | Entered Level 5 of the Dungeon
  2946 | D:5      | Reached XP level 8. HP: 62/71 MP: 7/7
  3050 | D:5      | Found a stormy altar of Qazlal.
  3051 | D:5      | Found a hazy altar of Hepliaklqana.
  3277 | D:5      | Found a runed door.
  3284 | D:5      | Got a pitted mace
  3287 | D:5      | Got a pitted mace
  3305 | D:5      | Noticed Crazy Yiuf
  3314 | D:5      | Killed Crazy Yiuf
  3314 | D:5      | Reached skill level 5 in Shields
  3323 | D:5      | Identified the +1 mace "Tiwasow" {antimagic, rElec rN++ Dex+4} (You found it on level 5 of the Dungeon)
  3530 | D:5      | Reached skill level 7 in Fighting
  3700 | D:5      | Found Waneufow's Armour Shoppe.
  3874 | D:6      | Reached skill level 10 in Maces & Flails
  4104 | D:6      | Reached XP level 9. HP: 80/80 MP: 8/8
  4110 | D:6      | Found a staircase to the Ecumenical Temple.
  4119 | Temple   | Entered the Ecumenical Temple
  4189 | Temple   | Became a worshipper of Warmaster Okawaru
  4299 | D:6      | Found a deep blue altar of Sif Muna.
  4465 | D:6      | Found a glowing silver altar of Zin.
  4747 | D:7      | Identified the +3 mace of Conscience {vamp, Str+4} (You found it on level 5 of the Dungeon)
  4852 | D:7      | Reached skill level 8 in Fighting
  4885 | D:7      | Found a shimmering altar of Xom.
  4960 | D:7      | Found an ancient bone altar of Kikubaaqudgha.
  4960 | D:7      | Noticed a troll
  4973 | D:7      | Killed a troll
  4973 | D:7      | Reached * piety under Okawaru
  5125 | D:7      | Gained mutation: You tend to lose your temper in combat. [mutagenic meat]
  5126 | D:7      | Gained mutation: You are frail. (-10% HP) [mutagenic meat]
  5127 | D:7      | Gained mutation: You have sharp toenails. [mutagenic meat]
  5252 | D:8      | Noticed a two-headed ogre
  5260 | D:8      | Killed a two-headed ogre
  5263 | D:8      | Reached ** piety under Okawaru
  5361 | D:8      | Reached XP level 10. HP: 74/81 MP: 9/9
  5367 | D:8      | Noticed a red ugly thing
  5385 | D:8      | Killed a red ugly thing
  5385 | D:8      | Reached skill level 9 in Fighting
  5488 | D:8      | Noticed a two-headed ogre
  5495 | D:8      | Killed a two-headed ogre
  5495 | D:8      | Reached *** piety under Okawaru
  5713 | D:8      | Found a basalt altar of Yredelemnul.
  5767 | D:8      | Noticed Pikel
  5780 | D:8      | Killed Pikel
  5780 | D:8      | Reached **** piety under Okawaru
  5780 | D:8      | Reached skill level 10 in Armour
  6101 | D:8      | Found a staircase to the Lair.
  6195 | D:8      | Lost mutation: You tend to lose your temper in combat. [potion of mutation]
  6195 | D:8      | Lost mutation: You are frail. (-10% HP) [potion of mutation]
  6195 | D:8      | Gained mutation: You expend magic power (3 MP) to strengthen your wands. [potion of mutation]
  6195 | D:8      | Gained mutation: You have a pair of large horns on your head. [potion of mutation]
  6196 | D:8      | Lost mutation: You expend magic power (3 MP) to strengthen your wands. [potion of mutation]
  6196 | D:8      | Lost mutation: You have a pair of large horns on your head. [potion of mutation]
  6196 | D:8      | Lost mutation: You have sharp toenails. [potion of mutation]
  6196 | D:8      | Gained mutation: Your muscles are strong. (Str +2) [potion of mutation]
  6196 | D:8      | Gained mutation: Your mind is acute. (Int +2) [potion of mutation]
  6196 | D:8      | Gained mutation: You have sharp fingernails. [potion of mutation]
  6196 | D:8      | Gained mutation: You possess an exceptional clarity of mind. [potion of mutation]
  6205 | D:9      | Noticed a two-headed ogre
  6210 | D:9      | Killed a two-headed ogre
  6210 | D:9      | Reached skill level 10 in Fighting
  6210 | D:9      | Reached XP level 11. HP: 91/99 MP: 10/10
  6381 | D:9      | Noticed Erolcha
  6395 | D:9      | Reached ***** piety under Okawaru
  6407 | D:9      | HP: 2/99 [something (22)]
  6414 | D:9      | Killed Erolcha
  6659 | D:9      | Found a radiant altar of Vehumet.
  6824 | D:9      | Noticed a two-headed ogre
  6843 | D:9      | Killed a two-headed ogre
  7204 | D:10     | Entered Level 10 of the Dungeon
  7238 | D:10     | Killed an unseen horror
  7525 | D:10     | Noticed a deep elf mage
  7530 | D:10     | Killed a deep elf mage
  7752 | D:10     | Noticed Gastronok
  7766 | D:10     | Killed Gastronok
  7766 | D:10     | Received a gift from Okawaru
  7766 | D:10     | Reached skill level 15 in Maces & Flails
  8059 | D:11     | Noticed a centaur warrior
  8066 | D:11     | Killed a centaur warrior
  8066 | D:11     | Reached ****** piety under Okawaru
  8176 | D:11     | Reached XP level 12. HP: 106/106 MP: 11/11
  8188 | D:11     | Found a staircase to the Orcish Mines.
  8782 | D:11     | Noticed a two-headed ogre
  8790 | D:11     | Killed a two-headed ogre
  8933 | D:12     | Reached skill level 1 in Invocations
  9220 | D:12     | Noticed Rupert
  9246 | D:12     | Killed Rupert
  9291 | D:12     | Found Lopury's Jewellery Shop.
  9373 | D:12     | Received a gift from Okawaru
  9400 | D:12     | Reached skill level 15 in Armour
  9505 | D:12     | Noticed an eight-headed hydra
  9512 | D:12     | Killed an eight-headed hydra
  9740 | D:13     | Noticed a two-headed ogre
  9746 | D:13     | Killed a two-headed ogre
  9766 | D:13     | Reached skill level 5 in Invocations
  9982 | D:13     | Found Xobun's Blood Bar.
 10006 | D:13     | Reached XP level 13. HP: 113/113 MP: 15/15
 10444 | D:14     | Received a gift from Okawaru
 10761 | D:14     | Found a frozen archway.
 10767 | IceCv    | Entered an ice cave
 10908 | IceCv    | Reached skill level 1 in Evocations
 11167 | IceCv    | Found an ancient bone altar of Kikubaaqudgha.
 11599 | D:14     | Noticed Nessos
 11604 | D:14     | Noticed Urug
 11609 | D:14     | Found a gate to the Vaults.
 11612 | D:14     | Received a gift from Okawaru
 11678 | D:14     | Killed Nessos
 11718 | D:14     | Killed Urug
 11969 | D:14     | Upgraded the game from 0.21-a0-88-g13b9641 to 0.21-a0-91-ga5031da
 12003 | D:15     | Entered Level 15 of the Dungeon
 12131 | D:15     | Found Puhuor's Jewellery Shop.
 12138 | D:15     | Bought an uncursed ring of poison resistance for 280 gold pieces
 12138 | D:15     | Bought the ring of Activism {rElec EV+1} for 238 gold pieces
 12809 | D:15     | Found a staircase to the Depths.
 12836 | D:15     | Received a gift from Okawaru
 12836 | D:15     | Reached XP level 14. HP: 39/121 MP: 18/18
 13170 | Lair:1   | Entered Level 1 of the Lair of Beasts
 13500 | Lair:1   | Found a dark tunnel.
 13506 | Volcano  | Entered a volcano
 13864 | Lair:1   | Reached skill level 5 in Evocations
 14424 | Lair:2   | Found a staircase to the Shoals.
 14998 | Lair:3   | Noticed Sonja
 15105 | Lair:3   | Killed Sonja
 16081 | Lair:4   | Noticed Snorg
 16094 | Lair:4   | Killed Snorg
 16113 | Lair:4   | Found a staircase to the Snake Pit.
 16322 | Lair:4   | Found a basalt altar of Yredelemnul.
 16362 | Lair:4   | Received a gift from Okawaru
 17162 | Lair:4   | Reached XP level 15. HP: 104/126 MP: 21/21
 18123 | Lair:6   | Entered Level 6 of the Lair of Beasts
 18315 | Lair:6   | Noticed Kirke
 18334 | Lair:6   | Received a gift from Okawaru
 18555 | Lair:6   | Killed Kirke
 18555 | Lair:6   | Reached skill level 10 in Invocations
 18680 | Lair:6   | Found a viscous altar of Jiyva.
 18680 | Lair:6   | Found a staircase to the Slime Pits.
 19239 | Lair:6   | Identified a scroll of acquirement
 19240 | Lair:6   | Got a smoking jade ring
 19242 | Lair:6   | Identified the ring "Soutzo" {Dex+5 Slay+4} (You acquired it on level 6 of the Lair of Beasts)
 19470 | Orc:1    | Entered Level 1 of the Orcish Mines
 19559 | Orc:1    | Noticed Nergalle
 19569 | Orc:1    | Killed Nergalle
 19569 | Orc:1    | Reached skill level 1 in Dodging
 19620 | Orc:1    | Noticed an orc warlord
 19819 | Orc:1    | Killed an orc warlord
 19872 | Orc:1    | Found Nill's Assorted Antiques.
 19883 | Orc:1    | Bought a scroll of identify for 50 gold pieces
 19883 | Orc:1    | Bought a spiked large shield for 237 gold pieces
 19883 | Orc:1    | Bought a pair of runed gloves for 187 gold pieces
 19883 | Orc:1    | Bought a scroll labeled QIXAUR QYREQU for 25 gold pieces
 19898 | Orc:1    | Identified the cursed +0 large shield of a sewer {rN+} (You bought it in a shop on level 1 of the Orcish Mines)
 20207 | Orc:2    | Entered Level 2 of the Orcish Mines
 20232 | Orc:2    | Found a staircase to the Elven Halls.
 20331 | Orc:2    | Noticed Saint Roka
 20384 | Orc:2    | Killed Saint Roka
 20606 | Orc:2    | Received a gift from Okawaru
 20633 | Orc:2    | Reached skill level 10 in Shields
 20668 | Orc:2    | Found Fanimium's Armour Shop.
 20668 | Orc:2    | Found Beghot's Jewellery Shoppe.
 20671 | Orc:2    | Found Bapomupt's Magic Scroll Emporium.
 20684 | Orc:2    | Found Imyhi's Jewellery Boutique.
 20710 | Orc:2    | Bought an uncursed ring of resist corrosion for 320 gold pieces
 20712 | Orc:2    | Bought a scroll of identify for 28 gold pieces
 20712 | Orc:2    | Bought a scroll of enchant armour for 105 gold pieces
 20712 | Orc:2    | Bought a scroll of identify for 28 gold pieces
 21694 | Snake:1  | Entered Level 1 of the Snake Pit
 21762 | Snake:1  | Reached skill level 5 in Dodging
 21851 | Snake:1  | Noticed a nagaraja
 21864 | Snake:1  | Killed a nagaraja
 21864 | Snake:1  | Reached skill level 11 in Fighting
 22224 | Snake:1  | Reached XP level 16. HP: 118/137 MP: 10/22
 22488 | Snake:1  | Received a gift from Okawaru
 22659 | Snake:2  | Found Zusy's Armour Shop.
 24051 | Snake:3  | Reached skill level 12 in Fighting
 24547 | Snake:4  | Entered Level 4 of the Snake Pit
 25113 | Snake:4  | Found Biufub's Antique Weapon Shoppe.
 25424 | Snake:4  | Reached skill level 13 in Fighting
 25590 | Snake:4  | Reached XP level 17. HP: 129/149 MP: 23/23
 25623 | Snake:4  | Received a gift from Okawaru
 25726 | Snake:4  | Reached skill level 15 in Shields
 25863 | Snake:4  | Received a gift from Okawaru
 25864 | Snake:4  | Got an ancient hat {god gift}
 25870 | Snake:4  | Identified the +2 hat "Guckyhas" {Str+4 Int+9 Slay-4} (Okawaru gifted it to you on level 4 of the Snake Pit)
 26191 | Snake:4  | Reached skill level 14 in Fighting
 26195 | Snake:4  | Reached skill level 10 in Dodging
 26816 | Snake:4  | Noticed Aizul
 26844 | Snake:4  | Killed Aizul
 26894 | Snake:4  | Got a serpentine rune of Zot
 27338 | Shoals:1 | Entered Level 1 of the Shoals
 27389 | Shoals:1 | Received a gift from Okawaru
 27395 | Shoals:1 | Got a translucent scale mail {god gift}
 27406 | Shoals:1 | Identified the +4 scale mail "Lestraz" {rPois} (Okawaru gifted it to you on level 1 of the Shoals)
 27438 | Shoals:1 | Reached XP level 18. HP: 159/161 MP: 24/24
 27832 | Shoals:1 | Noticed Donald
 27842 | Shoals:1 | Killed Donald
 28257 | Shoals:2 | Reached skill level 15 in Fighting
 28863 | Shoals:3 | Received a gift from Okawaru
 28882 | Shoals:3 | Got a twisted chain mail {god gift}
 28913 | Shoals:3 | Identified the +1 chain mail of the Soldier {rN+ Str+4 Int+4} (Okawaru gifted it to you on level 3 of the Shoals)
 29198 | Shoals:3 | Noticed Polyphemus
 29233 | Shoals:3 | Killed Polyphemus
 29420 | Shoals:4 | Entered Level 4 of the Shoals
 29548 | Shoals:4 | Got a coiled wooden ring
 29621 | Shoals:4 | Noticed Ilsuiw
 29636 | Shoals:4 | Killed Ilsuiw
 29649 | Shoals:4 | Reached skill level 16 in Fighting
 29936 | Shoals:4 | Identified the ring "Asatsi Nuze" {rCorr rPois Str+2 SInv} (You found it on level 4 of the Shoals)
 30257 | Shoals:4 | Got a clouded copper ring
 30258 | Shoals:4 | Identified the ring of Noon {rF++ MP+9 Int+3} (You found it on level 4 of the Shoals)
 30337 | Shoals:4 | Received a gift from Okawaru
 30475 | Shoals:4 | Reached XP level 19. HP: 107/174 MP: 17/25
 30839 | Shoals:4 | Got a barnacled rune of Zot
 31339 | Depths:1 | Entered Level 1 of the Depths
 31359 | Depths:1 | Noticed a lich
 31371 | Depths:1 | Noticed Mara
 31372 | Depths:1 | Killed a lich
 31375 | Depths:1 | Found a gateway to Hell.
 31379 | Depths:1 | Found a one-way gate to the infinite horrors of the Abyss.
 31426 | Depths:1 | Reached skill level 17 in Fighting
 31438 | Depths:1 | Found a one-way gate leading to the halls of Pandemonium.
 32078 | Depths:1 | Found a burning altar of Makhleb.
 32132 | D:15     | Received a gift from Okawaru
 32347 | Depths:1 | Reached skill level 18 in Fighting
 32504 | Depths:1 | Noticed Zuzmorgo's illusion
 32574 | Depths:1 | Killed Mara
 32963 | Depths:1 | Received a gift from Okawaru
 33559 | Depths:2 | Noticed Sojobo
 33574 | Depths:2 | Killed Sojobo
 33574 | Depths:2 | Received a gift from Okawaru
 33574 | Depths:2 | Reached XP level 20. HP: 184/189 MP: 18/26
 33575 | Depths:2 | Got a faintly glowing morningstar {god gift}
 33577 | Depths:2 | Identified the +10 morningstar of the Hidden Allies {distort, rElec rF+ Str+3 Dex+4} (Okawaru gifted it to you on level 2 of the Depths)
 33626 | Depths:2 | Reached skill level 19 in Fighting
 33642 | Depths:2 | Reached skill level 10 in Evocations
 33804 | Depths:2 | Found a sparkling altar of Nemelex Xobeh.
 33805 | Depths:2 | Found an ancient bone altar of Kikubaaqudgha.
 33805 | Depths:2 | Found a sacrificial altar of Ru.
 33862 | Depths:2 | Noticed a juggernaut
 33868 | Depths:2 | Banished a juggernaut
 34207 | Depths:1 | Gained mutation: You do not regenerate when monsters are visible. [mutagenic glow]
 34230 | Depths:2 | Gained mutation: You are frail. (-10% HP) [mutagenic glow]
 34390 | Depths:2 | Received a gift from Okawaru
 34391 | Depths:2 | Got a pair of transparent boots {god gift}
 34497 | Depths:2 | HP: 6/173 [tengu reaver/bolt of magma (26)]
 34504 | Depths:2 | Identified the -6 pair of boots "Uzesa" {rElec rN+ Str-2} (Okawaru gifted it to you on level 2 of the Depths)
 34751 | Depths:2 | Reached skill level 20 in Fighting
 35447 | Depths:2 | Received a gift from Okawaru
 35721 | Depths:2 | Reached XP level 21. HP: 132/181 MP: 28/28
 36210 | Snake:2  | Bought the +7 plate armour of Fahoic {+Fly rN+ MR+ Str-5 Int+3} for 1381 gold pieces
 36529 | Orc:2    | Bought a scroll of enchant weapon for 105 gold pieces
 36529 | Orc:2    | Bought a scroll of summoning for 133 gold pieces
 36566 | Elf:1    | Entered Level 1 of the Elven Halls
 38066 | Elf:2    | Found a shimmering altar of Xom.
 38260 | Elf:2    | Reached skill level 21 in Fighting
 38448 | Elf:2    | Found a huge runed gate.
 38448 | Elf:2    | Found a huge runed gate.
 38448 | Elf:2    | Found a huge runed gate.
 38448 | Elf:2    | Found a huge runed gate.
 38448 | Elf:2    | Found a huge runed gate.
 38678 | Elf:2    | Received a gift from Okawaru
 39017 | Elf:3    | Entered Level 3 of the Elven Halls
 39501 | Elf:3    | Found Boam's Weapon Shop.
 39932 | Elf:3    | Received a gift from Okawaru
 40250 | Elf:3    | Got a scintillating gossamer ring
 40264 | Elf:3    | Identified the ring "Ycke" {Wiz Str+10 Int+4 Slay+3} (You took it off a deep elf sorcerer on level 3 of the Elven Halls)
 40440 | Elf:3    | Got a polished whip {freeze}
 40509 | Elf:3    | Reached XP level 22. HP: 173/193 MP: 10/30
 40523 | Elf:3    | Identified the +2 whip "Cuasofy" {freeze, *Drain +Inv MR+} (You took it off a deep elf demonologist on level 3 of the Elven Halls)
 40557 | Elf:3    | Got a pair of bloodstained boots
 40563 | Elf:3    | Identified the +1 pair of boots "Konag" {Dex+7} (You found it on level 3 of the Elven Halls)
 40587 | Elf:3    | Identified the Volume of Cold and Orientation
 41089 | Depths:2 | Reached skill level 22 in Fighting
 41207 | Depths:3 | Paralysed by a floating eye for 2 turns
 41796 | Depths:3 | Received a gift from Okawaru
 42596 | Depths:3 | Noticed the Enchantress
 42649 | Depths:3 | Killed the Enchantress
 42651 | Depths:3 | Got faerie dragon scales
 42716 | Depths:3 | Lost mutation: You are frail. (-10% HP) [potion of mutation]
 42716 | Depths:3 | Lost mutation: You do not regenerate when monsters are visible. [potion of mutation]
 42716 | Depths:3 | Gained mutation: You are clumsy. (Dex -2) [potion of mutation]
 42716 | Depths:3 | Gained mutation: You are robust. (+10% HP) [potion of mutation]
 42921 | Depths:3 | Identified the +7 faerie dragon scales {+Inv rElec MR+++ rCorr} (You took it off the Enchantress on level 3 of the Depths)
 43023 | Depths:4 | Found a gateway to a ziggurat.
 43231 | Depths:4 | Received a gift from Okawaru
 43246 | Depths:4 | Reached skill level 23 in Fighting
 43341 | Depths:4 | Noticed Xtahua
 43388 | Depths:4 | Killed Xtahua
 43580 | Depths:4 | Reached XP level 23. HP: 220/249 MP: 31/31
 43931 | Depths:4 | Noticed a juggernaut
 43952 | Depths:4 | Killed a juggernaut
 44001 | Depths:4 | Got a brightly glowing glass ring
 44138 | Depths:4 | You fall through a shaft!
 44138 | Depths:5 | Entered Level 5 of the Depths
 44190 | Depths:5 | Found Cumum's Antique Armour Shoppe.
 44206 | Depths:5 | Received a gift from Okawaru
 44214 | Depths:5 | Identified the ring "Zocwecam" {rN+ Int+2} (You found it on level 4 of the Depths)
 44374 | Depths:5 | Found Halidifi's General Store.
 44382 | Depths:5 | Bought a scroll of identify for 30 gold pieces
 44382 | Depths:5 | Bought a scroll of recharging for 142 gold pieces
 44422 | Depths:5 | Found a gate to the Realm of Zot.
 44583 | Depths:5 | Reached skill level 24 in Fighting
 44947 | Depths:5 | Noticed a caustic shrike
 44948 | Depths:5 | Noticed a caustic shrike
 44948 | Depths:5 | Noticed a caustic shrike
 44948 | Depths:5 | Noticed a caustic shrike
 44962 | Depths:5 | Killed a caustic shrike
 44972 | Depths:5 | Killed a caustic shrike
 44972 | Depths:5 | Received a gift from Okawaru
 44979 | Depths:5 | Killed a caustic shrike
 44985 | Depths:5 | Killed a caustic shrike
 45392 | Depths:5 | Noticed a caustic shrike
 45413 | Depths:5 | Killed a caustic shrike
 45675 | Depths:5 | Noticed a juggernaut
 45704 | Depths:5 | Killed a juggernaut
 45704 | Depths:5 | Reached XP level 24. HP: 197/264 MP: 32/32
 45873 | Depths:5 | Received a gift from Okawaru
 45874 | Depths:5 | Got a twisted scarf {god gift}
 45885 | Depths:5 | Identified the scarf of the Orange Skies {+Fly rF+ rC- Dex+4} (Okawaru gifted it to you on level 5 of the Depths)
 45911 | Depths:5 | Found Huimal's Book Shop.
 46314 | Vaults:1 | Entered Level 1 of the Vaults
 46498 | Vaults:1 | Reached skill level 25 in Fighting
 48251 | Vaults:2 | Found a staircase to the Crypt.
 48630 | Vaults:3 | Received a gift from Okawaru
 48634 | Vaults:3 | Got a steaming robe {god gift}
 48940 | Vaults:3 | Found Kuisag's Gadget Boutique.
 49181 | Vaults:3 | Reached skill level 15 in Evocations
 49320 | Vaults:3 | Reached skill level 26 in Fighting
 49424 | Vaults:3 | Reached XP level 25. HP: 257/278 MP: 33/33
 49966 | Vaults:4 | Noticed Margery
 49978 | Vaults:4 | Killed Margery
 50216 | Vaults:4 | Received a gift from Okawaru
 50404 | Vaults:4 | Found Usotatec's Gadget Emporium.
 50922 | Vaults:5 | Entered Level 5 of the Vaults
 50929 | Vaults:5 | Was placed under penance by Okawaru
 50987 | Vaults:4 | HP: 15/420 [deep elf master archer/arrow[the fury of Okawaru] (18)]
 50991 | Vaults:4 | Slain by a stone giant

Vault maps used:
D:1:      lightli_arrival_flooded_house
D:2:      first_bread
D:3:      dancing_weapons_uskayaw, overflow_temple_1_default, uniq_grinder,
          uniq_terence
D:4:      kennysheep_boxes, uniq_blork_the_orc, uniq_menkaure, uniq_ijyb
D:5:      gammafunk_temple_overflow_statue, serial_shops, kennysheep_mini,
          uniq_crazy_yiuf_cottage
D:6:      led_sif_book, minmay_temple_entry_statues_pillars, lemuel_statue_altar
D:7:      kiku_gazebo_garden_becter, xom_confusion_cloud
D:8:      kennysheep_blocky_room, lemuel_doored_altar,
          grunt_lair_entry_orc_guard_hut, uniq_pikel
D:9:      lemuel_round_altar, serial_undead, serial_undead_f, serial_undead_d,
          serial_undead_b, serial_undead_f, uniq_erolcha
D:10:     uniq_gastronok
D:11:     hiddenorc2_lemuel, minmay_misc_feat_chi
D:12:     serial_shops, shop, hangedman_pestilent_swarm, uniq_rupert
D:13:     guppyfry_shop_blood
D:14:     david_vaults_3, portal_ice_cave_entry_pillars_1, nicolae_two_hexagons
D:15:     grunt_enter_depths_snipers, minmay_hedge_maze, serial_shops, shop
Temple:   nicolae_temple_figure_eight
Lair:1:   minmay_lair_venomous_thicket, enter_volcano_2
Lair:2:   lemuel_reptile_caves, minmay_shoals_entry_hut, lemuel_old_faithful
Lair:3:   uniq_sonja
Lair:4:   hangedman_what_comes_after_a, minmay_snake_entry_guardpost_small,
          basic_altar, uniq_snorg
Lair:6:   guppyfry_lair_end_dragon, dpeg_slime_entry_enclosed_altar,
          st_stairs_6, lemuel_fruit_tree, uniq_kirke
Shoals:1: nicolae_shoals_undead_eyrie, uniq_donald
Shoals:2: nicolae_shoals_water_elemental_grotto
Shoals:3: uniq_polyphemus
Shoals:4: shoals_end_grunt_ice, shoal_ilsuiw
Snake:1:  statue_in_the_mist_lemuel, nicolae_snake_linked_coils
Snake:2:  serial_shops, nicolae_shop_crystal
Snake:3:  special_room
Snake:4:  grunt_snake_rune_spirals, serial_shops, shop_statue,
          grunt_ministairs_3, uniq_aizul
Orc:1:    serial_shops, nicolae_shop_overgrown_old_shop, uniq_nergalle
Orc:2:    st_orc_rangers, uniq_saint_roka, uniq_nessos
Elf:1:    eino_elf_arrival_the_gate, kennysheep_underground_church,
          minmay_misc_feat_cross
Elf:2:    basic_altar
Elf:3:    elf_hall, serial_shops, shop
Vaults:1: vaults_room_hallway, v_misc_27, st_more_cells, v_misc_4
Vaults:2: vaults_dpeg_ring, vaults_standard_mumra_x, v_misc_25,
          vaults_standard_mumra_enter_the_diamond, vaults_room_grid,
          nicolae_vaults_little_squares_3, nicolae_vaults_quadrants,
          minmay_crypt_entry_simple_walls, hangedman_vaults_trim,
          hangedman_vaults_corner_blocks, ontoclasm_vaults_ring_square,
          vaults_mumra_hexcomb, grunt_vaults_funnel, v_misc_4
Vaults:3: ontoclasm_vaults_hangar, vaults_dpeg_encased_lava, v_misc_3,
          nicolae_vaults_windows_and_doors_thing, nicolae_vaults_c_with_doors,
          v_misc_33, vaults_room_ringed_pool, v_alt_pattern_5, v_misc_3,
          nicolae_vaults_sealed_display, nicolae_vaults_asterisk,
          portal_desolation_entry_garden, serial_shops, nicolae_shop_stone
Vaults:4: nicolae_vaults_specimen_jars, ontoclasm_vaults_fault,
          nicolae_vaults_three_branches, hangedman_vaults_restitches,
          hangedman_vaults_nails, v_pattern_1, ontoclasm_vaults_idyll,
          hangedman_vaults_impose, vaults_room_corners,
          nicolae_vaults_circle_grid_a, nicolae_vaults_little_squares_6,
          st_spiral_rooms, serial_shops,
          nicolae_shop_temple_entry_statues_fountains, uniq_margery
Depths:1: pf_vacation_house_of_asmodeus, lemuel_crystal_altar, abyss_entry,
          rand_demon_pan_entry_5, wheals_unrand_guarded_autumn_katana,
          uniq_sojobo, uniq_mara
Depths:2: hangedman_slaughterboxes, hell_entry, pan_entry
Depths:3: grunt_forest_end_winery, special_room, rand_demon_pan_entry_9,
          hell_entry, nrook_uturn, abyss_entry, infiniplex_staircase_star
Depths:4: giant_chief_lemuel, enter_ziggurat_e, grunt_mini_vestibule,
          abyss_entry_small_statue_room, kennysheep_another_room, hex_medium,
          uniq_xtahua
Depths:5: grunt_zot_entry_tricorne, minmay_misc_feat_columns, pf_coc_iceberg,
          serial_shops, nicolae_shop_crystal, nicolae_shop_stone, shop,
          grunt_decor_arrowhead, minmay_multi_spiral
IceCv:    ice_cave_small_necro
Volcano:  volcano_pools

Skill      XL: |  1  2  3  4  5  6  7  8  9 10 11 12 13 14 15 16 17 18 19 20 21 22 23 24 25 |
---------------+----------------------------------------------------------------------------+-----
Maces & Flails | 3 4 6 7 8 10 11 13 15 16 17 18 19 20 21 | 21.3
Fighting       | 4 5 6 7 8 10 11 13 14 16 18 20 21 23 24 26 | 26.8
Armour         | 4 5 7 10 13 15 17 19 20 | 20.0
Shields        | 4 7 11 14 17 18 19 20 21 22 23 24 | 24.0
Invocations    | 5 7 9 10 | 10.4
Evocations     | 4 7 8 9 11 12 13 14 15 | 15.6
Dodging        | 5 8 10 11 | 11.7

Action                   |  1- 3 |  4- 6 |  7- 9 | 10-12 | 13-15 | 16-18 | 19-21 | 22-24 | 25-27 || total
-------------------------+-------+-------+-------+-------+-------+-------+-------+-------+-------++-------
Melee: Flail             |    81 |    87 |    58 |       |       |       |       |       |       ||   226
       Headbutt          |    15 |    11 |    65 |   196 |   440 |   511 |   629 |   652 |   104 ||  2623
       Mace              |       |       |   271 |   648 |   106 |       |   704 |    17 |       ||  1746
       Demon whip        |       |       |       |    78 |  1559 |  1641 |   832 |  1612 |   263 ||  5985
       Morningstar       |       |       |       |       |       |       |   115 |       |       ||   115
Invok: Heroism           |       |       |       |       |     6 |    14 |     7 |     5 |       ||    32
       Finesse           |       |       |       |       |     5 |    13 |     7 |     4 |       ||    29
Evoke: Wand              |       |       |       |       |     3 |    18 |    13 |     4 |     1 ||    39
  Use: Scroll            |       |       |    11 |    12 |    20 |    18 |    17 |    10 |     7 ||    95
       Potion            |       |       |     1 |    10 |     8 |     7 |     9 |     1 |     7 ||    43
 Stab: Distracted        |       |       |       |       |     1 |       |     2 |       |       ||     3
       Petrified         |       |       |       |       |       |     8 |       |     3 |       ||    11
       Petrifying        |       |       |       |       |       |     2 |       |     1 |       ||     3
       Sleeping          |       |       |       |       |       |       |       |     2 |       ||     2
  Eat: Chunk             |       |     3 |    12 |    16 |    20 |     3 |       |     1 |     2 ||    57
       Fruit             |       |       |     4 |       |    23 |    13 |     8 |    15 |    14 ||    77
       Meat ration       |       |       |     1 |       |       |     3 |     4 |     3 |       ||    11
       Bread ration      |       |       |       |       |       |       |     2 |       |       ||     2
Armor: Scale mail        |    28 |    43 |    66 |       |       |       |       |       |       ||   137
       Plate armour      |       |       |    28 |   292 |   782 |   566 |   438 |    74 |       ||  2180
       Acid dragon scale |       |       |       |       |       |       |       |   161 |    34 ||   195
       Skin              |       |       |       |       |       |       |       |       |    11 ||    11
Dodge: Dodged            |    20 |    21 |    72 |   117 |   464 |   631 |   463 |   500 |    71 ||  2359
Block: Shield            |    42 |    42 |   141 |   332 |   171 |   411 |   988 |   932 |   174 ||  3233
       Buckler           |       |       |       |       |   282 |   269 |       |       |       ||   551
       Reflection        |       |       |       |       |       |    50 |   109 |    98 |    24 ||   281
